 Dungeon Crawl Stone Soup version 0.18-a0-1426-g3b9a63c (webtiles) character file.

8389 Slowtrain the Martial Artist (level 11, -1/67 HPs)
             Began as an Octopode Transmuter on Feb 27, 2016.
             Was an Elder of Okawaru.
             Slain by an unseen horror (3 damage)
             ... on level 9 of the Dungeon on Feb 28, 2016.
             The game lasted 00:58:36 (11294 turns).

Slowtrain the Martial Artist (Octopode Transmuter) Turns: 11294, Time: 00:58:36

Health: -1/67      AC:  2    Str:  9    XL:     11   Next: 30%
Magic:  14/15      EV: 26    Int: 15    God:    Okawaru [****..]
Gold:   339        SH:  5    Dex: 27    Spells: 4 memorised, 4 levels left

rFire  . . .     SeeInvis .       - Unarmed
rCold  + . .     Gourm    .     (shield currently unavailable)
rNeg   . . .     Faith    .     (helmet currently unavailable)
rPois  .         Spirit   .     J - +5 amulet of reflection
rElec  .         Dismiss  .     n - ring of resist corrosion
rCorr  +         Reflect  +     A - ring of poison resistance
SustAt +         Harm     .     I - ring of protection from cold
MR     .....                    U - ring of sustain attributes
Stlth  +++.......               (no ring)
                                (no ring)
                                (no ring)
                                (no ring)

@: agile, spider-form (expiring), not resistant to hostile enchantments, fairly
stealthy
A: almost no armour, amphibious, 8 rings, (constrict 8), (camouflage 0), blink,
deterioration 1, mutation resistance 1, (gelatinous body 0)
a: End Transformation, Blink, Heroism, Renounce Religion


You were on level 9 of the Dungeon.
You worshipped Okawaru.
Okawaru was greatly pleased with you.
You were not hungry.
You were a venomous arachnid creature.
You visited 2 branches of the dungeon, and saw 10 of its levels.

You collected 469 gold pieces.
You spent 130 gold pieces at shops.

Inventory:

Hand Weapons
 o - a +1 hunting sling
 V - a +0 blowgun (melded)
Missiles
 a - 93 arrows
 h - 416 stones (quivered)
 j - 6 javelins
 t - 11 tomahawks
 E - 36 poisoned needles
 H - 13 poisoned arrows
 L - an arrow of flame
 W - a throwing net
Jewellery
 n - a ring of resist corrosion (left front leg)
 A - a ring of poison resistance (right front leg)
 I - a ring of protection from cold (on tentacle)
 J - a +5 amulet of reflection (around neck)
 U - a ring of sustain attributes (on tentacle)
Wands
 e - a wand of teleportation (4/9)
 i - a wand of iceblast (3/15)
 l - a wand of slowing (14/48)
 p - a wand of polymorph (3/24)
 s - a wand of slowing (26/48)
 C - a wand of random effects (29/48)
 P - a wand of lightning (6/15)
 R - a wand of flame (29/48)
 S - a wand of confusion (29/48)
Scrolls
 c - 4 scrolls of immolation
 g - 2 scrolls of remove curse
 k - a scroll of random uselessness
 w - a scroll of enchant weapon
 y - 3 scrolls of amnesia
 B - 4 scrolls of teleportation {unknown}
 F - 2 scrolls of fog
 K - a scroll of recharging {unknown}
 O - a scroll of enchant armour
Potions
 d - a potion of cure mutation
 f - 2 potions of magic
 r - 2 potions of brilliance
 x - 3 potions of flight
 N - a potion of resistance
 Q - a potion of might {unknown}
Books
 b - a book of Changes

   Spells                             Type                      Level
   a - Beastly Appendage              Transmutation                1
   b - Sticks to Snakes               Transmutation                2
   c - Spider Form                    Transmutation/Poison         3
   d - Ice Form                       Ice/Transmutation            4
   e - Blade Hands                    Transmutation                5
 q - a book of Minor Magic

   Spells                             Type                      Level
   a - Magic Dart                     Conjuration                  1
   b - Blink                          Translocation                2
   c - Call Imp                       Summoning                    2
   d - Repel Missiles                 Charms/Air                   2
   e - Slow                           Hexes                        2
   f - Conjure Flame                  Conjuration/Fire             3
   g - Mephitic Cloud                 Conjuration/Poison/Air       3
 M - a book of Cantrips

   Spells                             Type                      Level
   a - Corona                         Hexes                        1
   b - Animate Skeleton               Necromancy                   1
   c - Summon Small Mammal            Summoning                    1
   d - Apportation                    Translocation                1
 T - a book of the Earth

   Spells                             Type                      Level
   a - Leda's Liquefaction            Hexes/Earth                  4
   b - Bolt of Magma                  Conjuration/Fire/Earth       5
   c - Statue Form                    Transmutation/Earth          6
   d - Iron Shot                      Conjuration/Earth            6
   e - Shatter                        Earth                        9
Miscellaneous
 v - a sack of spiders
Comestibles
 m - a bread ration
 z - 3 chunks of flesh
 D - a fruit
 X - a slice of pizza


   Skills:
 + Level 3.5 Fighting
 - Level 5.1 Dodging
 + Level 10.6 Unarmed Combat
 - Level 2.0 Spellcasting
 + Level 9.5 Transmutations
 - Level 6.0 Ice Magic
 - Level 3.1 Poison Magic
 - Level 5.4 Invocations


You had 4 spell levels left.
You knew the following spells:

 Your Spells              Type           Power        Failure   Level  Hunger
a - Beastly Appendage     Trmt           ####..       3%          1    #......
b - Sticks to Snakes      Trmt           ####....     4%          2    ###....
c - Spider Form           Trmt/Pois      ###.......   17%         3    ###....
d - Ice Form              Ice/Trmt       ###.....     28%         4    #####..


Dungeon Overview and Level Annotations

Branches:
Dungeon (9/15)             Temple (1/1) D:6
   Lair: D:8-11         Orc: D:9-12

Altars:
Ashenzari
Cheibriados
Dithmenos
Elyvilon
Fedhas
Gozag
Kikubaaqudgha
Makhleb
Nemelex Xobeh
Okawaru
Pakellas
Qazlal
Ru
Sif Muna
Trog
Vehumet
Xom
Yredelemnul
Zin
The Shining One

Shops:
D:8 }

Annotations:
D:3 Sigmund
D:4 Crazy Yiuf
D:5 exclusions: Blork the orc and Grinder


Innate Abilities, Weirdness & Mutations

You cannot wear most types of armour.
You are amphibious.
You can wear up to eight rings at the same time.
((You can use your tentacles to constrict eight enemies at once.))
((Your skin changes colour to match your surroundings (Stealth).))
((Your rubbery body absorbs attacks (AC +1).))
You can translocate small distances at will.
Your body sometimes deteriorates upon taking damage.
You are somewhat resistant to further mutation.


Message History

The hill giant looks more healthy.
Drink which item? (? for menu, Esc to quit)
It was a potion of mutation.
You feel extremely strange.
You feel yourself wasting away.
You feel jittery.
You feel genetically stable. Something misses you. Something misses you.
Something barely misses you. Something completely misses you.
Something misses you.
Your transformation is almost over.
Something closely misses you. Something barely misses you.
An orc warrior comes into view. It is wielding a halberd.
Something hits you!
* * * LOW HITPOINT WARNING * * *
There is a stone staircase leading down here.
Something misses you. Something hits you.
* * * LOW HITPOINT WARNING * * *
Something hits you.
You die...

#......##...###...####........##.
#.....####..###..## #.........##
......# ##..##..# #..###.....#
.....## #..#...## ##.## #......
.....## ###.......###..# #...##.
......###.....###...#..# #...###
.............## ##...o.## #...###
..........#..# ##.......###...#..
.........#...###s........##....##
.........#..##C.....#..#.....###
................#####..###..##
....).....(...### #.####..#
...###....#..## .... .>.#
...###..(###..### #... ....#
#...##(.(# ###..###..# #.....
#........# ##..#..# ###....
#........# ##...# #....


You could see a hill giant and an orc warrior (wandering).

Vanquished Creatures
  A hydra (D:9)
  A hill giant (D:8)
  Pikel (D:5)
  A deep elf mage (D:9)
  A troll (D:9)
  A two-headed ogre (D:8)
  Prince Ribbit (D:5)
  Grinder (D:5)
  6 yaks (D:9)
  Eustachio (D:5)
  Grum (D:8)
  A steam dragon (D:9)
  A hungry ghost (D:7)
  4 wolves (D:8)
  Duvessa (D:5)
  A water moccasin (D:9)
  A sky beast (D:9)
  2 ice beasts (D:5)
  An orc warrior (D:7)
  A slave (D:5)
  An eye of draining (D:9)
  An ogre (D:4)
  2 phantoms
  3 centaurs
  A big kobold (D:9)
  Blork the orc (D:5)
  2 giant frogs
  A jelly (D:5)
  Dowan (D:5)
  5 scorpions
  19 killer bees
  2 howler monkeys
  3 crimson imps
  A giant frog zombie (D:9)
  A giant frog skeleton (D:8)
  4 hounds
  3 centaur skeletons
  4 orc priests
  Natasha (thrice) (D:2)
  2 iguanas
  3 orc wizards (D:7)
  4 worker ants
  A hound skeleton (D:9)
  A worker ant zombie (D:7)
  9 gnolls
  10 adders
  A shadow imp (D:9)
  An ooze (D:3)
  3 adder skeletons
  6 worms
  4 dart slugs
  6 giant geckos
  7 orcs
  A ball python (D:1)
  8 bats
  3 giant cockroaches
  6 goblins
  6 hobgoblins
  7 jackals
  12 kobolds
  3 quokkas
  A ball python zombie (D:5)
  A giant cockroach zombie (D:6)
  A giant gecko zombie (D:7)
  2 giant newts
  A quokka skeleton (D:7)
  3 rats (D:2)
200 creatures vanquished.

Vanquished Creatures (collateral kills)
  A black bear (D:7)
  2 adders (D:2)
  An orc (D:5)
4 creatures vanquished.

Vanquished Creatures (others)
  A worker ant (D:5)
  A shadow imp (D:9)
  A kobold (D:9)
3 creatures vanquished.

Grand Total: 207 creatures vanquished

Notes
Turn   | Place    | Note
--------------------------------------------------------------
     0 | D:1      | Slowtrain the Octopode Transmuter began the quest for the Orb.
     0 | D:1      | Reached XP level 1. HP: 13/13 MP: 3/3
   165 | D:1      | You fall through a shaft!
   387 | D:2      | Reached XP level 2. HP: 18/18 MP: 3/5
   391 | D:2      | Learned a level 2 spell: Sticks to Snakes
   578 | D:2      | Found a stormy altar of Qazlal.
   595 | D:2      | Found an opulent altar of Gozag.
   599 | D:2      | Found a deep blue altar of Sif Muna.
   600 | D:2      | Found an ancient bone altar of Kikubaaqudgha.
   601 | D:2      | Found a glowing silver altar of Zin.
   602 | D:2      | Found a sparkling altar of Nemelex Xobeh.
   603 | D:2      | Found a radiant altar of Vehumet.
   604 | D:2      | Found a shattered altar of Ashenzari.
   676 | D:2      | Reached XP level 3. HP: 23/23 MP: 0/6
   753 | D:2      | Learned a level 3 spell: Spider Form
   795 | D:2      | Reached skill level 4 in Unarmed Combat
   832 | D:2      | Noticed Natasha
   839 | D:2      | Killed Natasha
   839 | D:2      | Reached skill level 1 in Poison Magic
   839 | D:2      | Reached XP level 4. HP: 20/28 MP: 4/7
  1766 | D:2      | Reached XP level 5. HP: 33/33 MP: 4/8
  1984 | D:2      | Noticed Natasha
  1988 | D:2      | Killed Natasha
  2110 | D:2      | Noticed Natasha
  2117 | D:2      | Killed Natasha
  2146 | D:2      | Found a faded altar to an unknown god.
  2268 | D:3      | Noticed Sigmund
  2813 | D:3      | Reached XP level 6. HP: 27/38 MP: 2/9
  3114 | D:4      | Noticed Crazy Yiuf
  3199 | D:4      | Reached skill level 5 in Unarmed Combat
  3262 | D:4      | Found a sacrificial altar of Ru.
  3341 | D:4      | Found a snail-covered altar of Cheibriados.
  3747 | D:4      | Reached skill level 6 in Unarmed Combat
  3877 | D:4      | Reached XP level 7. HP: 31/43 MP: 8/10
  4234 | D:5      | Entered Level 5 of the Dungeon
  4234 | D:5      | Noticed Eustachio
  4288 | D:5      | Noticed Grinder
  4574 | D:5      | Reached skill level 7 in Unarmed Combat
  4676 | D:5      | Noticed Blork the orc
  4726 | D:5      | Noticed Duvessa
  4757 | D:5      | Killed Duvessa
  4757 | D:5      | Reached skill level 8 in Unarmed Combat
  4864 | D:5      | Noticed Dowan
  4869 | D:5      | Killed Dowan
  4869 | D:5      | Reached XP level 8. HP: 48/48 MP: 11/11
  4889 | D:5      | Killed Blork the orc
  4897 | D:5      | Paralysed by Grinder for 4 turns
  4908 | D:5      | Killed Grinder
  4908 | D:5      | Reached skill level 9 in Unarmed Combat
  5210 | D:5      | Killed Eustachio
  5246 | D:5      | Found a burning altar of Makhleb.
  5259 | D:5      | Noticed Prince Ribbit
  5272 | D:5      | Killed Prince Ribbit
  5272 | D:5      | Reached skill level 10 in Unarmed Combat
  5364 | D:5      | Noticed Pikel
  5382 | D:5      | Killed Pikel
  5382 | D:5      | Reached skill level 5 in Dodging
  5382 | D:5      | Reached XP level 9. HP: 53/53 MP: 9/12
  5427 | D:5      | Learned a level 4 spell: Ice Form
  5444 | D:5      | Reached skill level 1 in Ice Magic
  5993 | D:6      | Found a staircase to the Ecumenical Temple.
  6002 | Temple   | Entered the Ecumenical Temple
  6045 | Temple   | Became a worshipper of Warmaster Okawaru
  6922 | D:7      | Reached skill level 5 in Transmutations
  7752 | D:7      | Found a bloodstained altar of Trog.
  8080 | D:8      | Reached * piety under Okawaru
  8102 | D:8      | Reached skill level 5 in Ice Magic
  8102 | D:8      | Reached XP level 10. HP: 47/58 MP: 8/13
  8113 | D:8      | Noticed Grum
  8138 | D:8      | Killed Grum
  8323 | D:8      | Found Wiguf's Gadget Emporium.
  8337 | D:8      | Bought a wand of lightning (6/15) for 130 gold pieces
  8992 | D:9      | Reached skill level 1 in Invocations
  9209 | D:9      | Reached ** piety under Okawaru
  9880 | D:9      | Noticed a deep elf mage
  9896 | D:9      | Killed a deep elf mage
  9989 | D:9      | Noticed a five-headed hydra
  9993 | D:9      | Killed a five-headed hydra
  9993 | D:9      | Reached *** piety under Okawaru
  9993 | D:9      | Reached skill level 5 in Invocations
 10015 | D:9      | Reached XP level 11. HP: 31/63 MP: 10/15
 10027 | D:9      | Reached **** piety under Okawaru
 10122 | D:9      | HP: 2/78 [killer bee (6)]
 10215 | D:9      | Noticed a hill giant
 10731 | D:8      | Noticed a hill giant
 10843 | D:8      | Killed a hill giant
 11286 | D:9      | Gained mutation: Your body sometimes deteriorates upon taking damage. [potion of mutation]
 11286 | D:9      | Gained mutation: You can translocate small distances at will. [potion of mutation]
 11286 | D:9      | Gained mutation: You are somewhat resistant to further mutation. [potion of mutation]
 11294 | D:9      | HP: 2/67 [something (5)]
 11294 | D:9      | Slain by an unseen horror

Vault maps used:
D:1:      dpeg_arrival_three_same_balls, serial_glass, glass_columns_a,
          glass_columns_a, minmay_misc_feat_chi
D:2:      minitemple, ecumenical_altar_2, minivault_23, minivault_14,
          uniq_natasha
D:3:      first_bread, gup_sewer_entry_bubbles, uniq_sigmund
D:4:      overflow_temple_1_default, cheibriados_altar_wand_db,
          uniq_crazy_yiuf_cottage
D:5:      kennysheep_mini_moat, uniq_eustachio, uniq_blork_the_orc,
          uniq_duvessa, uniq_prince_ribbit1, uniq_grinder, uniq_pikel
D:6:      minmay_temple_entry_large_hall
D:7:      lemuel_crystal_altar
D:8:      serial_shops, shop, uniq_grum
D:9:      serial_shops, shop, basic_altar, grunt_ogre_cave, minivault_28
Temple:   minmay_temple_bridge_a_8

Skill      XL: |  1  2  3  4  5  6  7  8  9 10 11 |
---------------+----------------------------------+-----
Unarmed Combat | 4 6 8 10 | 10.6
Transmutations | 3 4 6 9 |  9.5
Poison Magic   | 1 2 3 |  3.1
Dodging        | 5 |  5.1
Ice Magic      | 5 6 |  6.0
Invocations    | 5 |  5.4
Fighting       | 3 |  3.5
Spellcasting   | |  2.0

Action                   |  1- 3 |  4- 6 |  7- 9 | 10-12 || total
-------------------------+-------+-------+-------+-------++-------
Melee: Unarmed           |    35 |   166 |   214 |   232 ||   647
       Blowgun           |       |       |       |     1 ||     1
 Fire: Blowgun           |       |       |       |    10 ||    10
Throw: Stone             |     7 |    41 |    17 |     4 ||    69
 Cast: Beastly Appendage |     5 |    11 |       |     1 ||    17
       Sticks to Snakes  |     5 |    11 |    17 |     5 ||    38
       Spider Form       |       |    13 |    28 |    13 ||    54
       Ice Form          |       |       |       |     3 ||     3
Invok: Heroism           |       |       |     1 |     9 ||    10
 Abil: End Transformatio |       |       |       |     2 ||     2
Evoke: Wand              |       |       |     2 |     2 ||     4
  Use: Scroll            |     4 |     4 |     7 |     5 ||    20
       Potion            |       |     3 |     3 |     5 ||    11
 Stab: Sleeping          |     1 |     5 |     4 |     3 ||    13
       Distracted        |     1 |       |       |     1 ||     2
       Invisible         |       |       |       |     4 ||     4
  Eat: Chunk             |       |     8 |    16 |     9 ||    33
       Bread ration      |       |     1 |       |     1 ||     2
       Pizza             |       |       |     2 |       ||     2
       Beef jerky        |       |       |     1 |     1 ||     2
